 Dungeon Crawl Stone Soup version 0.17-a0-1617-gfba1302 (webtiles) character file.

178 spinkules the Chopper (level 5, -2/45 HPs)
             Began as a Minotaur Berserker on Aug 1, 2015.
             Was a Priest of Trog.
             Slain by an orc
             ... wielding a cursed -3 trident
              (5 damage)
             ... on level 3 of the Dungeon.
             The game lasted 00:03:36 (1160 turns).

spinkules the Chopper (Minotaur Berserker)          Turns: 1160, Time: 00:03:37

Health: -2/45      AC:  2    Str: 21    XL:     5   Next: 32%
Magic:  4/4        EV: 12    Int:  5    God:    Trog [***...]
Gold:   157        SH:  0    Dex: 10    Spells: 0 memorised, 4 levels left

rFire  . . .     SeeInvis .     a - +0 hand axe
rCold  . . .     Clarity  .     b - +0 animal skin
rNeg   . . .     SustAt   .     (no shield)
rPois  .         Gourm    .     (helmet restricted)
rElec  .         Spirit   .     (no cloak)
rCorr  .         Warding  .     (no gloves)
rMut   .         Stasis   .     (no boots)
MR     .....                    (no amulet)
Stlth  +.........               (no ring)
                                (no ring)

@: exhausted, slowed, very slow, not resistant to hostile enchantments, very
unstealthy
A: retaliatory headbutt, horns 2
a: Burn Spellbooks, Berserk, Trog's Hand, Renounce Religion


You were on level 3 of the Dungeon.
You worshipped Trog.
Trog was most pleased with you.
You were near starving.

You visited 1 branch of the dungeon, and saw 3 of its levels.

You collected 157 gold pieces.

Inventory:

Hand weapons
 a - a +0 hand axe (weapon)
Armour
 b - a +0 animal skin (worn)
Scrolls
 d - 3 scrolls of identify {unknown}
 f - a scroll of immolation {unknown}
 k - a scroll of enchant armour {unknown}
 l - a scroll of fear {unknown}
Potions
 e - a potion of haste {unknown}
 g - a potion of invisibility {unknown}
 i - a potion of agility {unknown}
 j - a potion of resistance {unknown}
 m - a potion of brilliance {unknown}
Comestibles
 c - 2 bread rations
 h - 4 fruits


   Skills:
 - Level 3.6 Fighting
 + Level 7.1 Axes
 - Level 2.4 Armour
 - Level 2.1 Dodging
 + Level 0.8 Stealth


You had 4 spell levels left.
You didn't know any spells.

Dungeon Overview and Level Annotations

Branches:
Dungeon (3/15)

Altars:


Innate Abilities, Weirdness & Mutations

You reflexively headbutt those who attack you in melee.
You have a pair of horns on your head.


Message History

The orc priest is heavily wounded.
The orc priest hits you with a falchion.
The orc hits you but does no damage.
You barely miss the orc priest.
The orc priest is heavily wounded.
You are no longer berserk.
You pass out from exhaustion.
You feel yourself slow down.
You are near starving!
The orc priest hits you with a falchion.
The orc hits you from afar with a trident!
* * * LOW HITPOINT WARNING * * *
You can move again.
You hit the orc priest but do no damage.
The orc priest is heavily wounded.
The orc priest hits you with a falchion!
* * * LOW HITPOINT WARNING * * *
The orc closely misses you. The orc priest misses you.
The orc hits you from afar with a trident.
You die...

....... .. ......
#h...#.(. ...#....
#...oS. #..##o# #
#.##o##.##..
#######..h@.......
........#)....##..
###...)....#
#(###)...... #.#
####.##.# #<# .# .
#.# . #.# #. #.#


You could see an orc priest, an orc wizard, an adder, an orc and a jackal.

Vanquished Creatures
  9 gnolls
  3 adders (D:2)
  An ooze (D:1)
  A giant gecko (D:1)
  2 orcs (D:3)
  9 bats
  6 hobgoblins
  2 jackals (D:2)
  8 kobolds
  4 ball pythons
  4 giant cockroaches
  A giant newt (D:1)
  5 goblins
  9 rats
64 creatures vanquished.

Notes
Turn   | Place    | Note
--------------------------------------------------------------
     0 | D:1      | spinkules the Minotaur Berserker began the quest for the Orb.
     0 | D:1      | Reached XP level 1. HP: 19/19 MP: 0/0
    14 | D:1      | Reached skill level 4 in Axes
    48 | D:1      | Reached XP level 2. HP: 1/26 MP: 1/1
   421 | D:1      | Reached skill level 5 in Axes
   461 | D:1      | Acquired Trog's second power
   469 | D:1      | Reached XP level 3. HP: 20/31 MP: 2/2
   753 | D:2      | Reached skill level 6 in Axes
   753 | D:2      | Reached XP level 4. HP: 39/39 MP: 3/3
  1015 | D:2      | Reached XP level 5. HP: 45/45 MP: 4/4
  1018 | D:2      | Found a faded altar to an unknown god.
  1149 | D:3      | Reached skill level 7 in Axes
  1160 | D:3      | Slain by an orc

Vault maps used:
D:1:      scummos_arrival_simple_fountains, st_stairs_14,
          kennysheep_small_spiral, lemuel_old_faithful
D:2:      ecumenical_altar_1, first_bread
D:3:      hangedman_abyss_or_decor_lesser_grid

Action                   |  1- 3 |  4- 6 || total
-------------------------+-------+-------++-------
Melee: Hand axe          |    66 |    52 ||   118
Invok: Berserk           |     1 |     1 ||     2
 Stab: Sleeping          |       |     1 ||     1
  Eat: Chunk             |       |     1 ||     1
